 Dungeon Crawl Stone Soup version 0.19-a0-1008-g4c63d25 (webtiles) character file.

907 epen the Firebug (level 8, -7/46 HPs)
             Began as a Tengu Fire Elementalist on July 22, 2016.
             Was an Initiate of Vehumet.
             Engulfed by a cloud of flame (8 damage)
             ... on level 5 of the Dungeon.
             The game lasted 00:12:21 (6168 turns).

epen the Firebug (Tengu Fire Elementalist)          Turns: 6168, Time: 00:12:22

Health: -7/46      AC:  4    Str:  8    XL:     8   Next: 8%
Magic:  23/24      EV: 14    Int: 18    God:    Vehumet [......]
Gold:   259        SH:  0    Dex: 15    Spells: 5 memorised, 2 levels left

rFire  . . .     SeeInvis .     i - +2 short sword (holy)
rCold  . . .     Gourm    .     a - +0 robe
rNeg   . . .     Faith    .     (no shield)
rPois  +         Spirit   .     (helmet restricted)
rElec  .         Dismiss  .     C - +0 cloak
rCorr  .         Reflect  .     q - +0 pair of gloves
SustAt .         Harm     .     (boots unavailable)
MR     .....                    e - amulet of regeneration
Stlth  ++........               y - ring of magical power
                                w - ring of poison resistance

@: not resistant to hostile enchantments, unstealthy
A: beak, talons 3, able to fly 1
a: Fly, Renounce Religion


You were on level 5 of the Dungeon.
You worshipped Vehumet.
Vehumet was noncommittal.
You were not hungry.

You visited 2 branches of the dungeon, and saw 6 of its levels.
You also visited: Sewer.

You collected 259 gold pieces.

Inventory:

Hand Weapons
 d - a +0 dagger
 i - a +2 short sword of holy wrath (weapon)
Armour
 a - a +0 robe (worn)
 q - a +0 pair of gloves (worn)
 C - a +0 cloak (worn)
Rods
 B - a +0 lightning rod (11/11)
   (You found it on level 3 of the Dungeon)
Jewellery
 e - an amulet of regeneration (around neck)
 w - a ring of poison resistance (left hand)
 y - a ring of magical power (right hand)
 F - an uncursed amulet of guardian spirit
Wands
 G - a wand of lightning (3/15)
Scrolls
 f - 2 scrolls of remove curse {unknown}
 g - 7 scrolls of identify {unknown}
 h - 2 scrolls of random uselessness {unknown}
 m - 3 scrolls of fog {unknown}
 p - 2 scrolls of enchant weapon {unknown}
 r - 2 scrolls of recharging {unknown}
 t - 2 scrolls of fear {unknown}
 u - a scroll of noise {unknown}
 x - a scroll of magic mapping {unknown}
 A - 3 scrolls of immolation {unknown}
 E - a scroll of blinking {unknown}
 H - a scroll of amnesia {unknown}
 K - a scroll of teleportation {unknown}
Potions
 k - a potion of heal wounds {unknown}
 l - 2 potions of mutation {unknown}
 n - a potion of ambrosia {unknown}
 o - 2 potions of brilliance {unknown}
 s - 2 potions of magic {unknown}
 v - a potion of agility {unknown}
 z - 2 potions of flight {unknown}
 D - 2 potions of might {unknown}
 I - a potion of curing {unknown}
 L - a potion of resistance {unknown}
Books
 b - a book of Flames

   Spells                             Type                      Level
   a - Flame Tongue                   Conjuration/Fire             1
   b - Throw Flame                    Conjuration/Fire             2
   c - Conjure Flame                  Conjuration/Fire             3
   d - Inner Flame                    Hexes/Fire                   3
   e - Sticky Flame                   Conjuration/Fire             4
   f - Fireball                       Conjuration/Fire             5
 J - a book of Enchantments

   Spells                             Type                      Level
   a - Cause Fear                     Hexes                        4
   b - Yara's Violent Unravelling     Hexes/Transmutation          5
   c - Silence                        Hexes/Air                    5
   d - Deflect Missiles               Charms/Air                   6
   e - Haste                          Charms                       6
   f - Discord                        Hexes                        8
Comestibles
 c - 4 bread rations
 j - 6 fruits


   Skills:
 + Level 3.1 Fighting
 + Level 4.3 Dodging
 - Level 2.0 Stealth
 * Level 4.3 Spellcasting
 + Level 4.2 Conjurations
 * Level 6.5 Fire Magic


You had 2 spell levels left.
You knew the following spells:

 Your Spells              Type           Power        Failure   Level  Hunger
a - Flame Tongue          Conj/Fire      ###..        1%          1    None
b - Throw Flame           Conj/Fire      ###...       2%          2    ##.....
c - Conjure Flame         Conj/Fire      ###.....     6%          3    ###....
d - Inner Flame           Hex/Fire       ###.....     14%         3    ###....
e - Sticky Flame          Conj/Fire      ###.....     21%         4    ####...


Dungeon Overview and Level Annotations

Branches:
Dungeon (5/15)             Temple (1/1) D:4

Altars:
Ashenzari
Cheibriados
Dithmenos
Elyvilon
Fedhas
Gozag
Makhleb
Okawaru
Pakellas
Uskayaw
Vehumet
Xom


Innate Abilities, Weirdness & Mutations

You have a beak for a mouth.
You have claws for feet.
You can fly.


Message History

Beogh smites you! The jackal barely misses you. The jackal misses you.
The jackal barely misses you. The jackal closely misses you.
Casting: Inner Flame
Confirm with . or Enter, or press ? or * to list all spells.
Aiming: Flame Tongue
Press: ? - help, Shift-Dir - straight line, f/p - jackal
Aim: a jackal (severely wounded, inner flame)
The flame tongue hits the jackal.
The jackal explodes!
The fiery explosion engulfs you!
Ouch! That really hurt!
* * * LOW HITPOINT WARNING * * *
The fiery explosion engulfs the jackal.
You kill the jackal!
Vehumet accepts your kill. x2
You are engulfed in roaring flames.
You die...

#s# #...# #..
#.##########...# #.##
#.##......##...######...
#.##.(....##....#...###.
#.##(.(....#......#..#..
#.##..........##........
#.#####.###....)........
#o# #.##.....###......
#.# #@##..............
#.# #ยง#......##.#.....
#h# #%#......#..#.....
#o# #.#........##.....
#.# #.#.##....########
#.# #o#.##..### # #.#
#...##..# ##
#.#####...##..# #.
#.o...........# #######.


You could see an orc priest.

Vanquished Creatures
  A phantom (D:5)
  An ogre (D:5)
  2 big kobolds (Sewer)
  The ghost of mistymad the Conjurer, an amateur DECj (D:4)
  A crimson imp (D:5)
  A centaur zombie (D:5)
  A centaur skeleton (D:4)
  A hound (D:4)
  4 orc wizards (D:5)
  2 worker ants (D:4)
  A gnoll (D:1)
  7 adders
  3 river rats (Sewer)
  A shadow imp (D:5)
  3 oozes
  2 adder skeletons (D:4)
  5 worms
  3 giant geckos
  10 orcs
  5 ball pythons
  6 giant cockroaches
  7 goblins
  9 hobgoblins
  2 jackals (D:5)
  2 quokkas
  A bat (D:1)
  3 giant newts
  14 kobolds
  A quokka skeleton (D:4)
  8 rats
108 creatures vanquished.

Vanquished Creatures (others)
  A wasp (D:5)
1 creature vanquished.

Grand Total: 109 creatures vanquished

Notes
Turn   | Place    | Note
-------+----------+-------------------------------------------
     0 | D:1      | epen the Tengu Fire Elementalist began the quest for the Orb.
     0 | D:1      | Reached XP level 1. HP: 10/10 MP: 4/4
   353 | D:1      | Reached XP level 2. HP: 11/15 MP: 4/6
   604 | D:1      | Learned a level 2 spell: Throw Flame
   633 | D:1      | Reached XP level 3. HP: 20/20 MP: 7/7
   822 | D:1      | Learned a level 3 spell: Conjure Flame
  1066 | D:1      | Reached skill level 1 in Fighting
  1975 | D:2      | Reached skill level 4 in Fire Magic
  1975 | D:2      | Reached XP level 4. HP: 25/25 MP: 2/8
  3126 | D:3      | Found a glowing drain.
  3130 | D:3      | Gained mutation: You can fly. [Tengu growth]
  3130 | D:3      | Reached XP level 5. HP: 28/29 MP: 5/9
  3140 | Sewer    | Entered a sewer
  3318 | Sewer    | Noticed a big kobold
  3346 | Sewer    | Killed a big kobold
  3462 | Sewer    | Reached skill level 5 in Fire Magic
  3462 | Sewer    | Reached XP level 6. HP: 25/35 MP: 9/11
  3805 | D:3      | Learned a level 3 spell: Inner Flame
  4029 | D:3      | Found an opulent altar of Gozag.
  4543 | D:4      | Noticed mistymad's ghost (amateur DECj)
  4554 | D:4      | Killed mistymad's ghost
  4920 | D:4      | Reached XP level 7. HP: 34/40 MP: 13/13
  5261 | D:4      | Found a staircase to the Ecumenical Temple.
  5273 | Temple   | Entered the Ecumenical Temple
  5345 | Temple   | Became a worshipper of Vehumet
  5614 | D:5      | Entered Level 5 of the Dungeon
  5696 | D:5      | Reached skill level 6 in Fire Magic
  5892 | D:5      | Learned a level 4 spell: Sticky Flame
  6010 | D:5      | Reached XP level 8. HP: 35/46 MP: 13/15
  6116 | D:5      | Found an oddly glowing altar of Pakellas.
  6116 | D:5      | Noticed an orange crystal statue
  6168 | D:5      | HP: 1/46 [jackal/exploding inner flame[the player character] (38)]
  6168 | D:5      | Engulfed by a cloud of flame

Vault maps used:
D:1:      dpeg_arrival_tiny_d, minmay_tiny_reverse_x
D:3:      lemuel_round_altar, portal_sewer_entry_d, serial_co_window_serial,
          co_window_of_opportunity_a, co_window_cross_1, co_window_paths_b,
          co_window_of_opportunity_a, co_window_of_opportunity_a,
          co_window_broadway_a, co_window_broadway_b, co_window_2corner,
          co_window_cross_3, co_window_of_opportunity_c, co_window_4corner_b
D:5:      first_bread, gammafunk_pakellas_statue_experiment
Temple:   roderic_octagonal_lattice_temple
Sewer:    sewer_co_15_rooms

Skill      XL: |  1  2  3  4  5  6  7 |
---------------+----------------------+-----
Conjurations   | 2 3 4 |  4.2
Fighting       | 1 2 3 |  3.1
Fire Magic     | 4 5 6 |  6.5
Dodging        | 3 4 |  4.3
Spellcasting   | 3 4 |  4.3
Stealth        | |  2.0

Action                   |  1- 3 |  4- 6 |  7- 9 || total
-------------------------+-------+-------+-------++-------
Melee: Dagger            |    25 |       |       ||    25
       Kick              |    13 |    14 |    17 ||    44
       Peck              |     6 |    12 |     6 ||    24
       Short sword       |    45 |    71 |    59 ||   175
 Cast: Flame Tongue      |    33 |    57 |    35 ||   125
       Throw Flame       |     3 |     3 |     3 ||     9
       Conjure Flame     |     2 |     4 |     1 ||     7
       Sticky Flame      |       |       |     4 ||     4
       Inner Flame       |       |       |     2 ||     2
 Stab: Sleeping          |     5 |     2 |     1 ||     8
  Eat: Chunk             |     4 |     8 |       ||    12
       Pizza             |       |     1 |       ||     1
       Bread ration      |       |       |     1 ||     1
       Beef jerky        |       |       |     1 ||     1
Armor: Robe              |     9 |     9 |    10 ||    28
Dodge: Dodged            |    55 |    67 |    50 ||   172
